AoeStats
← Kiliethink

Runestones

508397139Analyzed
1v1 RM · 10d ago on Sep 22, 2026· 40m 19s· 2 players
Game mode
Random Map
Map size
Tiny (2 player)
Population
200
Speed
Normal
Resources
Standard
Victory
Conquest
Starting age
Dark Age
Ending age
Imperial Age
RankedLock teamsTeams togetherTeam positionsShared explorationLock speedFull tech treeHidden civsTurbo modeCheats
Victory
Defeat
🇹🇼 Khmer · Taiwan
1607
+11
🇩🇪 Berbers · Germany
1492
-11
Kiliethink
6:49 Loom
9:38 Feudal Age
10:16 Double-Bit Axe
10:42 Horse Collar
18:29 Gold Mining
18:52 Bloodlines
20:44 Castle Age
19:23 Scale Barding Armor
19:37 Forging
21:50 Chain Barding Armor
22:07 Iron Casting
24:49 Husbandry
34:39 Imperial Age
32:44 Stone Mining
33:58 Bow Saw
35:04 Wheelbarrow
34:47 Fletching
34:58 Padded Archer Armor
34:57 Cavalier
35:02 Heavy Camel Rider
35:58 Heavy Plow
36:41 Stone Shaft Mining
37:02 Hand Cart
37:34 Plate Barding Armor
38:00 Blast Furnace
36:56 Light Cavalry
40:07 Bodkin Arrow
chaos(我愛亂來)
3:00 Loom
9:29 Feudal Age
10:16 Double-Bit Axe
11:45 Horse Collar
14:52 Wheelbarrow
20:00 Castle Age
18:34 Bloodlines
19:05 Forging
19:24 Scale Barding Armor
19:41 Scale Mail Armor
20:01 Town Watch
20:55 Bow Saw
20:46 Heavy Plow
22:30 Chain Barding Armor
22:59 Pikeman
25:48 Iron Casting
26:23 Husbandry
27:47 Gold Mining
33:04 Hand Cart
34:39 Gold Shaft Mining
33:45 Light Cavalry
38:22 Imperial Age
36:57 Chain Mail Armor
38:39 Hussar
38:49 Capped Ram
Connection lost

Rejoining the realm…

Still unreachable

The connection could not be restored.

Session expired

The server has moved on; the page needs a fresh start.